 Dungeon Crawl Stone Soup version 0.30-a0-358-g0d69a1922f (webtiles) character file.

Game seed: 583496585865615960

94 NinjaNoafa the Shooter (level 4, -2/25 HPs)
             Began as a Kobold Hexslinger on Nov 8, 2022.
             Slain by an orc
             ... wielding a +0 morningstar
              (8 damage)
             ... on level 2 of the Dungeon.
             The game lasted 00:03:28 (1844 turns).

NinjaNoafa the Shooter (Kobold Hexslinger)          Turns: 1844, Time: 00:03:30

Health: -2/25      AC:  3    Str:  7    XL:     4   Next: 94%
Magic:  3/7        EV: 15    Int: 14    God:
Gold:   89         SH:  0    Dex: 17    Spells: 6/7 levels left

rFire   . . .      SeeInvis .    a - +1 sling
rCold   . . .      Faith    .    (no shield)
rNeg    . . .      Spirit   .    c - +0 robe
rPois   .          Reflect  .    (no helmet)
rElec   .          Harm     .    e - +0 cloak
rCorr   .          Rampage  .    (no gloves)
Will    .....                    (no boots)
Stlth   +++.......               (no amulet)
HPRegen 0.24/turn                (no ring)
MPRegen 0.10/turn                (no ring)

@: attractive
A: small, no large weapons, nightstalker 3
a: no special abilities


You were on level 2 of the Dungeon.
You visited 1 branch of the dungeon, and saw 3 of its levels.

You collected 89 gold pieces.

Inventory:

Hand Weapons
 a - a +1 sling (weapon)
Missiles
 g - 19 stones
 i - 6 boomerangs
 j - 10 poisoned darts
Armour
 c - a +0 robe (worn)
 e - a +0 cloak (worn)
Scrolls
 b - 2 scrolls of poison
 f - 4 scrolls of teleportation {unknown}
 h - 3 scrolls of identify {unknown}
 l - a scroll of fear {unknown}
Potions
 m - a potion of might {unknown}


   Skills:
 - Level 1.1 Fighting
 + Level 5.2 Ranged Weapons
 - Level 3.0 Dodging
 - Level 2.0 Spellcasting
 + Level 3.2 Hexes


You had 6 spell levels left.
You knew the following spells:

 Your Spells              Type           Power      Damage    Failure   Level
a - Slow                  Hex            40%        N/A       6%          1

Your spell library contained the following spells:

 Spells                   Type           Power      Damage    Failure   Level
 Blink                    Tloc           2%         N/A       34%         2
 Momentum Strike          Conj/Tloc      2%         3d8       34%         2
 Inner Flame              Hex/Fire       5%         N/A       36%         3
 Portal Projectile        Hex/Tloc       10%        N/A       36%         3
 Cause Fear               Hex            5%         N/A       52%         4
 Call Canine Familiar     Summ           1%         N/A       56%         3
 Lesser Beckoning         Tloc           2%         N/A       56%         3
 Leda's Liquefaction      Hex/Erth       2%         N/A       77%         4
 Olgreb's Toxic Radiance  Pois           1%         N/A       93%         4
 Ozocubu's Refrigeration  Ice            0%         4d7       100%        7
 Ignition                 Fire           0%         3d3       100%        8


Dungeon Overview and Level Annotations

Branches:
Dungeon (3/15)

Altars:


Innate Abilities, Weirdness & Mutations

You are small and have problems with some larger weapons.
You are completely attuned to the shadows.


Message History

The orc is severely wounded.
You shoot a sling bullet. The sling bullet hits the orc!
You kill the orc!
The orc hits you with a +0 morningstar.
You shoot a sling bullet.
The sling bullet hits the orc but does no damage.
The orc misses you.
You shoot a sling bullet.
The sling bullet closely misses the orc.
The orc hits you with a +0 morningstar.
* * * LOW HITPOINT WARNING * * *
Casting: Slow (safe; 6% risk of failure)
Confirm with . or Enter, or press ? or * to list all spells.
Aiming: Slow (safe; 6% risk of failure)
Press: ? - help, Shift-Dir - straight line, f/p - orc
Aim: an orc, wielding a +0 morningstar and wearing a +0 leather armour (chance to affect: 62%)
The orc resists with significant effort.
The orc hits you with a +0 morningstar.
* * * LOW HITPOINT WARNING * * *
You shoot a sling bullet.
The sling bullet hits the orc but does no damage.
The orc misses you.
You shoot a sling bullet. The sling bullet hits the orc.
The orc is severely wounded.
The orc closely misses you.
Casting: Slow (safe; 6% risk of failure)
Confirm with . or Enter, or press ? or * to list all spells.
Aiming: Slow (safe; 6% risk of failure)
Press: ? - help, Shift-Dir - straight line, f/p - orc
Aim: an orc, wielding a +0 morningstar and wearing a +0 leather armour (severely wounded, chance to affect: 62%)
The orc resists with significant effort.
The orc barely misses you.
Casting: Slow (safe; 6% risk of failure)
Confirm with . or Enter, or press ? or * to list all spells.
Aiming: Slow (safe; 6% risk of failure)
Press: ? - help, Shift-Dir - straight line, f/p - orc
Aim: an orc, wielding a +0 morningstar and wearing a +0 leather armour (severely wounded, chance to affect: 62%)
The orc resists with significant effort.
The orc hits you with a +0 morningstar!
You die...

##########
#....[...##################
#......#.....@o)..ยง....o..####
#......#...##############...o.
#......###.#### ######
#..<..........######### ##..
#.......##.##....<....# ##..#
#..>......^########...####...#
#......###....<...............
#......# #.########...##......
#......# #..#### #......>....


You could see an orc.

Vanquished Creatures
  An orc wizard (D:2)
  An adder (D:2)
  4 worms (D:2)
  4 orcs
  4 ball pythons (D:1)
  3 bats
  8 endoplasms
  3 giant cockroaches
  2 goblins
  A hobgoblin (D:1)
  5 quokkas
  2 frilled lizards (D:1)
  A kobold (D:1)
  A rat (D:1)
40 creatures vanquished.

Notes
Turn   | Place    | Note
-------+----------+-------------------------------------------
     0 | D:1      | NinjaNoafa the Kobold Hexslinger began the quest for the
                  | Orb.
     0 | D:1      | Reached XP level 1. HP: 12/12 MP: 2/2
   217 | D:1      | Reached skill level 3 in Ranged Weapons
   239 | D:1      | Reached XP level 2. HP: 15/16 MP: 1/3
   400 | D:1      | Reached skill level 4 in Ranged Weapons
   564 | D:1      | Reached XP level 3. HP: 20/20 MP: 4/4
  1258 | D:2      | Reached skill level 5 in Ranged Weapons
  1309 | D:2      | Reached XP level 4. HP: 25/25 MP: 4/6
  1844 | D:2      | Slain by an orc

Illustrated notes

Levels and vault maps discovered:
D:1:      minmay_arrival_four_houses, layout_basic, grunt_decor_arrowhead
D:2:      layout_rooms
D:3:      layout_basic, cheibrodos_sewer_entry_bend, uniq_grinder

Skill      XL: |  1  2  3  4 |
---------------+-------------+-----
Ranged Weapons | 3 4 5 |  5.2
Spellcasting   | 2 |  2.0
Dodging        | 3 |  3.0
Fighting       | |  1.1
Hexes          | |  3.2

Action                   |  1- 3 |  4- 6 || total
-------------------------+-------+-------++-------
Melee: Sling             |       |     2 ||     2
 Fire: Sling             |    98 |    44 ||   142
 Cast: Slow              |     8 |    11 ||    19
  Use: Potion            |       |     3 ||     3
Armor: Robe              |     8 |     6 ||    14
Dodge: Dodged            |    20 |    36 ||    56

Table legend: (Time is in decaauts)
 A = Elapsed time spent in this place.
 B = Non-inter-level travel time spent in this place.
 C = Inter-level travel time spent in this place.
 D = Time resting spent in this place.
 E = Time spent auto-exploring this place.
 F = Levels seen in this place.
 G = Mean time per level.
                   A        B        C        D        E       F      G
               +--------+--------+--------+--------+--------+-----+--------+
         Total |   1870 |   1802 |     68 |      0 |   1461 |   3 |  623.3 |
       Dungeon |   1870 |   1802 |     68 |      0 |   1461 |   3 |  623.3 |
               +--------+--------+--------+--------+--------+-----+--------+

Top non-repeatable levels by time:
     D:1: 1126 daAuts
     D:2: 732 daAuts
     D:3: 11 daAuts
